Panthers vs Rangers

Created - November 5, 2023 at 21:26

Goals
1 2 3 OT1 SO T
Panthers 2 1 0 0 2 4
Rangers 1 2 0 0 1 3
Shots
1 2 3 OT1 SO T
Panthers 7 8 7 1 4 23
Rangers 4 8 9 5 4 26

GoalsPenalties
1st period
1. Panthers , Andrei Svechnikov 3 (Matthew Tkachuk 8, Charlie McAvoy 8) at 7:44 (PP)
2. Panthers , Emil Bemstrom 2 (Oliver Ekman-Larsson 4, Jamie Benn 1) at 10:55
3. Rangers , Luke Kunin 5 (Caleb Jones 5, Adam Erne 1) at 13:52
Luke Schenn (NYR) for Interference (Minor) at 7:28
2nd period
4. Rangers , Jesse Puljujarvi 2 (Casey Mittelstadt 5, Luke Schenn 2) at 4:17 (PP)
5. Panthers , Matthew Tkachuk 8 (Owen Power 8, Aleksander Barkov 11) at 4:42
6. Rangers , Casey Mittelstadt 4 (Jesse Puljujarvi 10, Anthony Beauvillier 6) at 5:06 (PP)
Owen Power (FLA) for Holding (Minor) at 2:31
Charlie McAvoy (FLA) for Interference (Minor) at 4:52
Charlie McAvoy (FLA) for High sticking (Minor) at 18:18
3rd period
No Goal
Eric Robinson (NYR) for Holding (Minor) at 0:50
Overtime #1
No Goal
Shootout
Panthers, Aleksander Barkov - Shot Misses the Net
Rangers, Kent Johnson - Goal!
Panthers, Andrei Svechnikov - Goal!
Rangers, Anthony Beauvillier - Shot Misses the Net
Panthers, Jack Hughes - Shot Misses the Net
Rangers, Casey Mittelstadt - Stopped by Alexandar Georgiev
Panthers, Matthew Tkachuk - Goal!
Rangers, Juuso Parssinen - Shot Misses the Net
Goalie Stats
Alexandar Georgiev (FLA), 23 saves from 26 shots - (0.885), W, 8-1-1, 65:00 minutes
Darcy Kuemper (NYR), 20 saves from 23 shots - (0.870), OTL, 8-0-1, 65:00 minutes
3 StarsOfficial
1 - Andrei Svechnikov (FLA)
2 - Matthew Tkachuk (FLA)
3 - Casey Mittelstadt (NYR)
Referees : Kendrick Nicholson and Jon McIsaac
Linesman : Steve Miller and Jeff Walker
Game Note
No Game Note
Finance
Level 1 -- Attendance: 4691 (72.17%) -- Ticket Income $633,285
Level 2 -- Attendance: 4140 (82.80%) -- Ticket Income $393,300
Level 3 -- Attendance: 2360 (67.43%) -- Ticket Income $177,000
Level 4 -- Attendance: 2006 (100.00%) -- Ticket Income $100,300
Luxury Box -- Attendance: 983 (98.30%) -- Ticket Income $221,175
Game was played at the Madison Square Garden.
Total Attendance: 14180 (78.75%)
Total Ticket Income: $1,525,060
Other Income: $381,265
Total Income: $1,906,325



Team Name Goals Shots Shots Attemp Shots Blocked PIM HIT PP PK FO%
Panthers 4236366251 / 2 (50%)256%
Rangers 32659104262 / 3 (67%)144%

Panthers
Player Name POS G A P +/- PIM HIT SHT SB MP PP MP PP SHT PK MP PK SHT FO% FOT
Aleksander BarkovC0111000025:211:2500:00064% 33
Alexandre CarrierD0000000013:410:0000:0000% 0
Andrei SvechnikovRW10110105024:471:2520:0000% 3
Brady TkachukLW000-1041118:030:5000:0000% 0
Charlie McAvoyD0110450225:001:2501:0000% 0
Emil BemstromRW1011003010:580:0000:000100% 2
Frederick GaudreauC000000205:150:0000:36064% 11
Jack HughesC000-1004018:030:5000:0000% 0
Jake SandersonD0001001122:130:5001:5510% 0
Jamie BennLW0111020010:580:0000:0000% 0
Matthew TkachukLW1121004025:211:2500:00050% 2
Michael McLeodC000000007:500:0003:1100% 0
Mikael BacklundC0001001014:210:0003:23055% 20
Oliver Ekman-LarssonD0110000015:310:0001:5000% 0
Owen PowerD0111220121:520:5001:0900% 0
Quinn HughesD0000010126:401:2502:0400% 0
Robby FabbriC000001004:390:0000:0000% 0
Roope HintzC000-1002020:250:5000:48048% 29
Rangers
Player Name POS G A P +/- PIM HIT SHT SB MP PP MP PP SHT PK MP PK SHT FO% FOT
Adam ErneLW0110023012:072:0000:4300% 0
Anthony BeauvillierLW011-1010024:181:5900:00033% 3
Artem ZubD0000021223:212:0011:2800% 0
Caleb JonesD0110010315:352:0000:1600% 0
Casey MittelstadtC112-1035024:181:5910:00038% 34
Eric RobinsonLW0000232019:500:0000:050100% 1
Jack QuinnRW0000000020:002:0000:0000% 2
Jesse PuljujarviRW112-1033022:501:5910:570100% 1
Juuso ParssinenC000000209:172:0000:00038% 16
Kent JohnsonC0000002010:130:0000:000100% 1
Luke KuninC1010021010:420:0001:18054% 13
Luke SchennD0110231122:141:5901:1200% 0
Mario FerraroD000-1001223:560:0000:4700% 0
Martin FehervaryD000-1034226:341:5920:4700% 0
Nick BoninoC0000011021:130:0001:27048% 29
Riley StillmanD0000010013:190:0000:0000% 0
Ryan LombergLW000001006:280:0000:0000% 0
Ryan ReavesRW000000006:280:0000:0000% 0



Play-by-Play

1st period


0:01 of 1st period - Aleksander Barkov wins face-off versus Casey Mittelstadt in neutral zone.
0:42 of 1st period - Shot by Casey Mittelstadt.
0:42 of 1st period - Shot Misses the Net.
1:31 of 1st period - Shot by Jack Quinn.
1:31 of 1st period - Shot Hit the Post.
1:33 of 1st period - Shot by Eric Robinson.
1:33 of 1st period - Stopped by Alexandar Georgiev without a rebound.
1:34 of 1st period - Kent Johnson wins face-off versus Roope Hintz in Panthers zone.
2:09 of 1st period - Shot by Jack Hughes.
2:09 of 1st period - Shot Blocked by Caleb Jones.
2:14 of 1st period - Icing by Caleb Jones.
2:15 of 1st period - Mikael Backlund wins face-off versus Luke Kunin in Rangers zone.
2:16 of 1st period - Shot by Emil Bemstrom.
2:16 of 1st period - Shot Misses the Net.
2:31 of 1st period - Off-side.
2:32 of 1st period - Juuso Parssinen wins face-off versus Frederick Gaudreau in neutral zone.
2:59 of 1st period - Icing by Robby Fabbri.
3:00 of 1st period - Jesse Puljujarvi wins face-off versus Frederick Gaudreau in Panthers zone.
3:17 of 1st period - Robby Fabbri is hit by Jesse Puljujarvi and loses puck.
4:14 of 1st period - Icing by Martin Fehervary.
4:15 of 1st period - Nick Bonino wins face-off versus Roope Hintz in Rangers zone.
4:15 of 1st period - Nick Bonino is hit by Brady Tkachuk.
4:29 of 1st period - Shot by Jack Quinn.
4:29 of 1st period - Shot Misses the Net.
4:50 of 1st period - Icing by Roope Hintz.
4:51 of 1st period - Roope Hintz wins face-off versus Juuso Parssinen in Panthers zone.
4:56 of 1st period - Riley Stillman is hit by Brady Tkachuk and loses puck.
5:03 of 1st period - Shot by Juuso Parssinen.
5:03 of 1st period - Shot Misses the Net.
5:29 of 1st period - Shot by Juuso Parssinen.
5:29 of 1st period - Stopped by Alexandar Georgiev with a rebound.
5:31 of 1st period - Shot by Ryan Lomberg.
5:31 of 1st period - Shot Misses the Net.
5:33 of 1st period - Shot by Ryan Reaves.
5:33 of 1st period - Shot Misses the Net.
5:57 of 1st period - Shot by Jesse Puljujarvi.
5:57 of 1st period - Shot Misses the Net.
5:59 of 1st period - Shot by Jesse Puljujarvi.
5:59 of 1st period - Stopped by Alexandar Georgiev without a rebound.
6:00 of 1st period - Matthew Tkachuk wins face-off versus Nick Bonino in Panthers zone.
6:00 of 1st period - Matthew Tkachuk is hit by Eric Robinson.
6:10 of 1st period - Icing by Nick Bonino.
6:11 of 1st period - Mikael Backlund wins face-off versus Nick Bonino in Rangers zone.
6:12 of 1st period - Shot by Jake Sanderson.
6:12 of 1st period - Shot Misses the Net.
6:17 of 1st period - Mario Ferraro is hit by Owen Power and loses puck.
6:47 of 1st period - Owen Power is hit by Martin Fehervary and loses puck.
7:16 of 1st period - Luke Schenn is hit by Andrei Svechnikov and loses puck.
7:28 of 1st period - Minor Penalty to Luke Schenn for Interference.
7:29 of 1st period - Luke Kunin wins face-off versus Andrei Svechnikov in Rangers zone.
7:29 of 1st period - Luke Kunin is hit by Andrei Svechnikov.
7:44 of 1st period - Shot by Matthew Tkachuk.
7:44 of 1st period - Deflect By Andrei Svechnikov.
7:44 of 1st period - Goal by Andrei Svechnikov - Panthers : 1 - Rangers : 0.
7:45 of 1st period - Frederick Gaudreau wins face-off versus Luke Kunin in neutral zone.
7:47 of 1st period - Michael McLeod is hit by Luke Kunin and loses puck.
8:22 of 1st period - Shot by Michael McLeod.
8:22 of 1st period - Shot Hit the Post.
9:04 of 1st period - Shot by Matthew Tkachuk.
9:04 of 1st period - Stopped by Darcy Kuemper with a rebound.
9:24 of 1st period - Icing by Andrei Svechnikov.
9:25 of 1st period - Aleksander Barkov wins face-off versus Jack Quinn in Panthers zone.
9:39 of 1st period - Shot by Andrei Svechnikov.
9:39 of 1st period - Shot Misses the Net.
10:49 of 1st period - Shot by Emil Bemstrom.
10:49 of 1st period - Shot Misses the Net.
10:51 of 1st period - Shot by Emil Bemstrom.
10:51 of 1st period - Shot Misses the Net.
10:55 of 1st period - Shot by Emil Bemstrom.
10:55 of 1st period - Goal by Emil Bemstrom - Panthers : 2 - Rangers : 0.
10:56 of 1st period - Casey Mittelstadt wins face-off versus Frederick Gaudreau in neutral zone.
11:06 of 1st period - Shot by Jesse Puljujarvi.
11:06 of 1st period - Shot Hit the Post.
11:11 of 1st period - Off-side.
11:12 of 1st period - Aleksander Barkov wins face-off versus Juuso Parssinen in neutral zone.
11:37 of 1st period - Shot by Andrei Svechnikov.
11:37 of 1st period - Stopped by Darcy Kuemper without a rebound.
11:38 of 1st period - Mikael Backlund wins face-off versus Casey Mittelstadt in Rangers zone.
11:39 of 1st period - Shot by Jamie Benn.
11:39 of 1st period - Shot Misses the Net.
11:42 of 1st period - Icing by Martin Fehervary.
11:43 of 1st period - Casey Mittelstadt wins face-off versus Roope Hintz in Rangers zone.
11:53 of 1st period - Icing by Mario Ferraro.
11:54 of 1st period - Aleksander Barkov wins face-off versus Anthony Beauvillier in Rangers zone.
13:19 of 1st period - Shot by Mikael Backlund.
13:19 of 1st period - Stopped by Darcy Kuemper without a rebound.
13:20 of 1st period - Luke Kunin wins face-off versus Roope Hintz in Rangers zone.
13:52 of 1st period - Shot by Luke Kunin.
13:52 of 1st period - Goal by Luke Kunin - Panthers : 2 - Rangers : 1.
13:53 of 1st period - Mikael Backlund wins face-off versus Nick Bonino in neutral zone.
14:00 of 1st period - Shot by Owen Power.
14:00 of 1st period - Shot Misses the Net.
14:35 of 1st period - Jamie Benn is hit by Luke Schenn and loses puck.
15:33 of 1st period - Shot by Andrei Svechnikov.
15:33 of 1st period - Shot Misses the Net.
15:35 of 1st period - Shot by Quinn Hughes.
15:35 of 1st period - Shot Misses the Net.
15:40 of 1st period - Icing by Jesse Puljujarvi.
15:41 of 1st period - Roope Hintz wins face-off versus Casey Mittelstadt in Rangers zone.
15:53 of 1st period - Icing by Alexandre Carrier.
15:54 of 1st period - Juuso Parssinen wins face-off versus Roope Hintz in Panthers zone.
16:13 of 1st period - Shot by Jack Hughes.
16:13 of 1st period - Stopped by Darcy Kuemper without a rebound.
16:14 of 1st period - Aleksander Barkov wins face-off versus Nick Bonino in Rangers zone.
16:39 of 1st period - Eric Robinson is hit by Andrei Svechnikov and loses puck.
16:50 of 1st period - Shot by Aleksander Barkov.
16:50 of 1st period - Shot Misses the Net.
16:52 of 1st period - Shot by Aleksander Barkov.
16:52 of 1st period - Shot Misses the Net.
17:27 of 1st period - Shot by Roope Hintz.
17:27 of 1st period - Shot Misses the Net.
17:35 of 1st period - Shot by Roope Hintz.
17:35 of 1st period - Shot Misses the Net.
17:37 of 1st period - Shot by Roope Hintz.
17:37 of 1st period - Shot Misses the Net.
17:57 of 1st period - Shot by Alexandre Carrier.
17:57 of 1st period - Shot Misses the Net.
18:36 of 1st period - Icing by Mario Ferraro.
18:37 of 1st period - Luke Kunin wins face-off versus Andrei Svechnikov in Rangers zone.
18:37 of 1st period - Kent Johnson is hit by Andrei Svechnikov and loses puck.
18:58 of 1st period - Andrei Svechnikov is hit by Adam Erne and loses puck.
19:07 of 1st period - Shot by Matthew Tkachuk.
19:07 of 1st period - Shot Misses the Net.
19:55 of 1st period - Shot by Roope Hintz.
19:55 of 1st period - Stopped by Darcy Kuemper without a rebound.
19:56 of 1st period - Frederick Gaudreau wins face-off versus Nick Bonino in Rangers zone.
Goals for this period are 2 for Panthers vs 1 for Rangers.
Shots for this period are 7 for Panthers vs 4 for Rangers.

2nd period


0:01 of 2nd period - Casey Mittelstadt wins face-off versus Aleksander Barkov in neutral zone.
1:15 of 2nd period - Icing by Eric Robinson.
1:16 of 2nd period - Nick Bonino wins face-off versus Roope Hintz in Rangers zone.
1:18 of 2nd period - Icing by Eric Robinson.
1:19 of 2nd period - Nick Bonino wins face-off versus Roope Hintz in Rangers zone.
1:19 of 2nd period - Nick Bonino is hit by Brady Tkachuk.
1:52 of 2nd period - Shot by Jack Hughes.
1:52 of 2nd period - Stopped by Darcy Kuemper without a rebound.
1:53 of 2nd period - Mikael Backlund wins face-off versus Casey Mittelstadt in Rangers zone.
2:04 of 2nd period - Shot by Emil Bemstrom.
2:04 of 2nd period - Stopped by Darcy Kuemper without a rebound.
2:05 of 2nd period - Frederick Gaudreau wins face-off versus Juuso Parssinen in Rangers zone.
2:12 of 2nd period - Icing by Ryan Lomberg.
2:13 of 2nd period - Juuso Parssinen wins face-off versus Aleksander Barkov in Rangers zone.
2:13 of 2nd period - Juuso Parssinen is hit by Andrei Svechnikov.
2:22 of 2nd period - Juuso Parssinen is hit by Charlie McAvoy and loses puck.
2:27 of 2nd period - Shot by Juuso Parssinen.
2:27 of 2nd period - Stopped by Alexandar Georgiev without a rebound.
2:28 of 2nd period - Roope Hintz wins face-off versus Casey Mittelstadt in Panthers zone.
2:31 of 2nd period - Minor Penalty to Owen Power for Holding.
2:32 of 2nd period - Mikael Backlund wins face-off versus Casey Mittelstadt in Panthers zone.
2:43 of 2nd period - Shot by Charlie McAvoy.
2:43 of 2nd period - Shot Misses the Net.
3:06 of 2nd period - Shot by Martin Fehervary.
3:06 of 2nd period - Stopped by Alexandar Georgiev without a rebound.
3:07 of 2nd period - Mikael Backlund wins face-off versus Juuso Parssinen in Panthers zone.
3:47 of 2nd period - Shot by Caleb Jones.
3:47 of 2nd period - Shot Misses the Net.
4:13 of 2nd period - Shot by Luke Schenn.
4:13 of 2nd period - Shot Misses the Net.
4:15 of 2nd period - Shot by Casey Mittelstadt.
4:15 of 2nd period - Shot Misses the Net.
4:17 of 2nd period - Shot by Jesse Puljujarvi.
4:17 of 2nd period - The goal is going for a video replay.
4:17 of 2nd period - The goal is good.
4:17 of 2nd period - Goal by Jesse Puljujarvi - Panthers : 2 - Rangers : 2.
4:18 of 2nd period - Casey Mittelstadt wins face-off versus Aleksander Barkov in neutral zone.
4:26 of 2nd period - Shot by Mario Ferraro.
4:26 of 2nd period - Shot Misses the Net.
4:34 of 2nd period - Shot by Matthew Tkachuk.
4:34 of 2nd period - Stopped by Darcy Kuemper with a rebound.
4:36 of 2nd period - Shot by Owen Power.
4:36 of 2nd period - Shot Misses the Net.
4:38 of 2nd period - Shot by Aleksander Barkov.
4:38 of 2nd period - Shot Misses the Net.
4:42 of 2nd period - Shot by Matthew Tkachuk.
4:42 of 2nd period - Goal by Matthew Tkachuk - Panthers : 3 - Rangers : 2.
4:43 of 2nd period - Roope Hintz wins face-off versus Nick Bonino in neutral zone.
4:52 of 2nd period - Minor Penalty to Charlie McAvoy for Interference.
4:53 of 2nd period - Casey Mittelstadt wins face-off versus Mikael Backlund in Panthers zone.
5:06 of 2nd period - Shot by Casey Mittelstadt.
5:06 of 2nd period - Goal by Casey Mittelstadt - Panthers : 3 - Rangers : 3.
5:07 of 2nd period - Nick Bonino wins face-off versus Aleksander Barkov in neutral zone.
5:45 of 2nd period - Shot by Nick Bonino.
5:45 of 2nd period - Shot Misses the Net.
5:51 of 2nd period - Eric Robinson is hit by Andrei Svechnikov and loses puck.
6:34 of 2nd period - Quinn Hughes is hit by Casey Mittelstadt and loses puck.
6:38 of 2nd period - Quinn Hughes is hit by Artem Zub.
6:49 of 2nd period - Icing by Quinn Hughes.
6:50 of 2nd period - Roope Hintz wins face-off versus Juuso Parssinen in Panthers zone.
7:07 of 2nd period - Shot by Ryan Reaves.
7:07 of 2nd period - Shot Misses the Net.
7:31 of 2nd period - Martin Fehervary is hit by Jamie Benn and loses puck.
8:01 of 2nd period - Aleksander Barkov is hit by Casey Mittelstadt and loses puck.
8:15 of 2nd period - Icing by Jake Sanderson.
8:16 of 2nd period - Aleksander Barkov wins face-off versus Luke Kunin in Panthers zone.
8:35 of 2nd period - Aleksander Barkov is hit by Luke Kunin and loses puck.
8:51 of 2nd period - Andrei Svechnikov is hit by Riley Stillman and loses puck.
9:06 of 2nd period - Shot by Brady Tkachuk.
9:06 of 2nd period - Stopped by Darcy Kuemper with a rebound.
10:18 of 2nd period - Shot by Frederick Gaudreau.
10:18 of 2nd period - Stopped by Darcy Kuemper without a rebound.
10:19 of 2nd period - Mikael Backlund wins face-off versus Juuso Parssinen in Rangers zone.
10:51 of 2nd period - Icing by Owen Power.
10:52 of 2nd period - Mikael Backlund wins face-off versus Nick Bonino in Panthers zone.
11:01 of 2nd period - Off-side.
11:02 of 2nd period - Aleksander Barkov wins face-off versus Casey Mittelstadt in neutral zone.
11:42 of 2nd period - Shot by Casey Mittelstadt.
11:42 of 2nd period - Stopped by Alexandar Georgiev without a rebound.
11:43 of 2nd period - Roope Hintz wins face-off versus Nick Bonino in Panthers zone.
11:52 of 2nd period - Shot by Jake Sanderson.
11:52 of 2nd period - Shot Blocked by Martin Fehervary.
12:22 of 2nd period - Shot by Nick Bonino.
12:22 of 2nd period - Shot Misses the Net.
12:50 of 2nd period - Icing by Alexandre Carrier.
12:51 of 2nd period - Emil Bemstrom wins face-off versus Casey Mittelstadt in Panthers zone.
13:24 of 2nd period - Icing by Oliver Ekman-Larsson.
13:25 of 2nd period - Luke Kunin wins face-off versus Mikael Backlund in Panthers zone.
13:46 of 2nd period - Shot by Kent Johnson.
13:46 of 2nd period - Shot Misses the Net.
13:48 of 2nd period - Shot by Adam Erne.
13:48 of 2nd period - Stopped by Alexandar Georgiev without a rebound.
13:49 of 2nd period - Nick Bonino wins face-off versus Aleksander Barkov in Panthers zone.
13:53 of 2nd period - Eric Robinson is hit by Charlie McAvoy.
13:55 of 2nd period - Shot by Nick Bonino.
13:55 of 2nd period - Shot Misses the Net.
13:57 of 2nd period - Shot by Eric Robinson.
13:57 of 2nd period - Deflect By Jack Quinn.
13:57 of 2nd period - Shot Misses the Net.
14:18 of 2nd period - Off-side.
14:19 of 2nd period - Roope Hintz wins face-off versus Casey Mittelstadt in neutral zone.
14:22 of 2nd period - Artem Zub is hit by Brady Tkachuk.
14:46 of 2nd period - Shot by Brady Tkachuk.
14:46 of 2nd period - Deflect By Roope Hintz.
14:46 of 2nd period - Shot Misses the Net.
14:48 of 2nd period - Shot by Roope Hintz.
14:48 of 2nd period - Shot Misses the Net.
14:53 of 2nd period - Icing by Artem Zub.
14:54 of 2nd period - Aleksander Barkov wins face-off versus Casey Mittelstadt in Rangers zone.
15:31 of 2nd period - Eric Robinson is hit by Andrei Svechnikov and loses puck.
15:38 of 2nd period - Icing by Mario Ferraro.
15:39 of 2nd period - Roope Hintz wins face-off versus Nick Bonino in Rangers zone.
15:53 of 2nd period - Off-side.
15:54 of 2nd period - Frederick Gaudreau wins face-off versus Juuso Parssinen in neutral zone.
16:11 of 2nd period - Shot by Frederick Gaudreau.
16:11 of 2nd period - Shot Misses the Net.
16:17 of 2nd period - Shot by Frederick Gaudreau.
16:17 of 2nd period - Stopped by Darcy Kuemper without a rebound.
16:18 of 2nd period - Aleksander Barkov wins face-off versus Casey Mittelstadt in Rangers zone.
16:28 of 2nd period - Jesse Puljujarvi is hit by Charlie McAvoy and loses puck.
16:58 of 2nd period - Icing by Quinn Hughes.
16:59 of 2nd period - Aleksander Barkov wins face-off versus Nick Bonino in Panthers zone.
16:59 of 2nd period - Aleksander Barkov is hit by Eric Robinson.
17:43 of 2nd period - Artem Zub is hit by Charlie McAvoy and loses puck.
17:51 of 2nd period - Icing by Quinn Hughes.
17:52 of 2nd period - Aleksander Barkov wins face-off versus Casey Mittelstadt in Panthers zone.
17:58 of 2nd period - Quinn Hughes is hit by Martin Fehervary and loses puck.
18:10 of 2nd period - Casey Mittelstadt is hit by Charlie McAvoy and loses puck.
18:18 of 2nd period - Minor Penalty to Charlie McAvoy for High sticking.
18:19 of 2nd period - Juuso Parssinen wins face-off versus Mikael Backlund in Panthers zone.
18:27 of 2nd period - Icing by Adam Erne.
18:28 of 2nd period - Juuso Parssinen wins face-off versus Mikael Backlund in Rangers zone.
18:45 of 2nd period - Shot by Michael McLeod.
18:45 of 2nd period - Shot Blocked by Artem Zub.
18:51 of 2nd period - Shot by Jake Sanderson.
18:51 of 2nd period - Stopped by Darcy Kuemper without a rebound.
18:52 of 2nd period - Casey Mittelstadt wins face-off versus Mikael Backlund in Rangers zone.
18:57 of 2nd period - Jake Sanderson is hit by Jesse Puljujarvi and loses puck.
19:24 of 2nd period - Shot by Martin Fehervary.
19:24 of 2nd period - Stopped by Alexandar Georgiev without a rebound.
19:25 of 2nd period - Frederick Gaudreau wins face-off versus Juuso Parssinen in Panthers zone.
19:25 of 2nd period - Frederick Gaudreau is hit by Adam Erne.
19:52 of 2nd period - Shot by Jack Quinn.
19:52 of 2nd period - Shot Misses the Net.
19:54 of 2nd period - Shot by Adam Erne.
19:54 of 2nd period - Shot Blocked by Quinn Hughes.
19:56 of 2nd period - Shot by Artem Zub.
19:56 of 2nd period - Stopped by Alexandar Georgiev without a rebound.
19:57 of 2nd period - Frederick Gaudreau wins face-off versus Casey Mittelstadt in Panthers zone.
Goals for this period are 1 for Panthers vs 2 for Rangers.
Shots for this period are 8 for Panthers vs 8 for Rangers.

3rd period


0:01 of 3rd period - Casey Mittelstadt wins face-off versus Mikael Backlund in neutral zone.
0:03 of 3rd period - Off-side.
0:04 of 3rd period - Mikael Backlund wins face-off versus Anthony Beauvillier in neutral zone.
0:50 of 3rd period - Minor Penalty to Eric Robinson for Holding.
0:51 of 3rd period - Luke Kunin wins face-off versus Aleksander Barkov in Rangers zone.
0:51 of 3rd period - Adam Erne is hit by Andrei Svechnikov and loses puck.
0:58 of 3rd period - Shot by Andrei Svechnikov.
0:58 of 3rd period - Stopped by Darcy Kuemper without a rebound.
0:59 of 3rd period - Nick Bonino wins face-off versus Andrei Svechnikov in Rangers zone.
1:35 of 3rd period - Icing by Charlie McAvoy.
1:36 of 3rd period - Aleksander Barkov wins face-off versus Luke Kunin in Panthers zone.
1:45 of 3rd period - Shot by Luke Kunin.
1:45 of 3rd period - Shot Misses the Net.
2:55 of 3rd period - Riley Stillman is hit by Jamie Benn and loses puck.
3:39 of 3rd period - Icing by Alexandre Carrier.
3:40 of 3rd period - Casey Mittelstadt wins face-off versus Mikael Backlund in Panthers zone.
3:41 of 3rd period - Shot by Anthony Beauvillier.
3:41 of 3rd period - Deflect By Casey Mittelstadt.
3:41 of 3rd period - Stopped by Alexandar Georgiev without a rebound.
3:42 of 3rd period - Casey Mittelstadt wins face-off versus Aleksander Barkov in Panthers zone.
3:42 of 3rd period - Casey Mittelstadt is hit by Quinn Hughes.
3:54 of 3rd period - Shot by Casey Mittelstadt.
3:54 of 3rd period - Shot Blocked by Charlie McAvoy.
4:39 of 3rd period - Off-side.
4:40 of 3rd period - Nick Bonino wins face-off versus Roope Hintz in neutral zone.
5:53 of 3rd period - Shot by Kent Johnson.
5:53 of 3rd period - Shot Blocked by Owen Power.
6:06 of 3rd period - Luke Kunin is hit by Owen Power and loses puck.
6:09 of 3rd period - Shot by Kent Johnson.
6:09 of 3rd period - Stopped by Alexandar Georgiev without a rebound.
6:10 of 3rd period - Aleksander Barkov wins face-off versus Casey Mittelstadt in Panthers zone.
6:47 of 3rd period - Andrei Svechnikov is hit by Martin Fehervary and loses puck.
7:21 of 3rd period - Icing by Jack Quinn.
7:22 of 3rd period - Eric Robinson wins face-off versus Mikael Backlund in Rangers zone.
7:38 of 3rd period - Jamie Benn is hit by Artem Zub and loses puck.
7:46 of 3rd period - Off-side.
7:47 of 3rd period - Frederick Gaudreau wins face-off versus Luke Kunin in neutral zone.
7:57 of 3rd period - Shot by Adam Erne.
7:57 of 3rd period - Stopped by Alexandar Georgiev with a rebound.
7:59 of 3rd period - Shot by Adam Erne.
7:59 of 3rd period - Stopped by Alexandar Georgiev without a rebound.
8:00 of 3rd period - Roope Hintz wins face-off versus Juuso Parssinen in Panthers zone.
8:00 of 3rd period - Roope Hintz is hit by Ryan Lomberg.
8:03 of 3rd period - Icing by Jack Hughes.
8:04 of 3rd period - Roope Hintz wins face-off versus Casey Mittelstadt in Panthers zone.
8:04 of 3rd period - Roope Hintz is hit by Anthony Beauvillier.
8:20 of 3rd period - Shot by Jesse Puljujarvi.
8:20 of 3rd period - Stopped by Alexandar Georgiev without a rebound.
8:21 of 3rd period - Nick Bonino wins face-off versus Aleksander Barkov in Panthers zone.
8:30 of 3rd period - Shot by Nick Bonino.
8:30 of 3rd period - Shot Blocked by Jake Sanderson.
8:50 of 3rd period - Shot by Andrei Svechnikov.
8:50 of 3rd period - Stopped by Darcy Kuemper without a rebound.
8:51 of 3rd period - Roope Hintz wins face-off versus Casey Mittelstadt in Rangers zone.
8:58 of 3rd period - Shot by Roope Hintz.
8:58 of 3rd period - Shot Misses the Net.
9:18 of 3rd period - Shot by Jesse Puljujarvi.
9:18 of 3rd period - Shot Misses the Net.
9:20 of 3rd period - Shot by Casey Mittelstadt.
9:20 of 3rd period - Deflect By Anthony Beauvillier.
9:20 of 3rd period - Shot Misses the Net.
9:53 of 3rd period - Off-side.
9:54 of 3rd period - Luke Kunin wins face-off versus Aleksander Barkov in neutral zone.
9:54 of 3rd period - Luke Kunin is hit by Andrei Svechnikov.
10:00 of 3rd period - Shot by Kent Johnson.
10:00 of 3rd period - Stopped by Alexandar Georgiev without a rebound.
10:01 of 3rd period - Aleksander Barkov wins face-off versus Nick Bonino in Panthers zone.
10:12 of 3rd period - Shot by Aleksander Barkov.
10:12 of 3rd period - Shot Blocked by Luke Schenn.
10:18 of 3rd period - Shot by Luke Schenn.
10:18 of 3rd period - Stopped by Alexandar Georgiev without a rebound.
10:19 of 3rd period - Luke Kunin wins face-off versus Mikael Backlund in Panthers zone.
10:26 of 3rd period - Shot by Mario Ferraro.
10:26 of 3rd period - Shot Misses the Net.
10:42 of 3rd period - Shot by Emil Bemstrom.
10:42 of 3rd period - Shot Blocked by Mario Ferraro.
11:57 of 3rd period - Shot by Anthony Beauvillier.
11:57 of 3rd period - Deflect By Casey Mittelstadt.
11:57 of 3rd period - Shot Misses the Net.
11:59 of 3rd period - Shot by Jesse Puljujarvi.
11:59 of 3rd period - Deflect By Casey Mittelstadt.
11:59 of 3rd period - Stopped by Alexandar Georgiev without a rebound.
12:00 of 3rd period - Nick Bonino wins face-off versus Roope Hintz in Panthers zone.
12:33 of 3rd period - Shot by Brady Tkachuk.
12:33 of 3rd period - Shot Blocked by Caleb Jones.
12:35 of 3rd period - Shot by Brady Tkachuk.
12:35 of 3rd period - Shot Blocked by Caleb Jones.
12:37 of 3rd period - Shot by Brady Tkachuk.
12:37 of 3rd period - Shot Misses the Net.
12:39 of 3rd period - Shot by Roope Hintz.
12:39 of 3rd period - Stopped by Darcy Kuemper without a rebound.
12:40 of 3rd period - Juuso Parssinen wins face-off versus Aleksander Barkov in Rangers zone.
12:44 of 3rd period - Mario Ferraro is hit by Andrei Svechnikov and loses puck.
12:56 of 3rd period - Off-side.
12:57 of 3rd period - Anthony Beauvillier wins face-off versus Frederick Gaudreau in neutral zone.
13:10 of 3rd period - Luke Schenn is hit by Robby Fabbri and loses puck.
13:23 of 3rd period - Shot by Frederick Gaudreau.
13:23 of 3rd period - Shot Misses the Net.
13:31 of 3rd period - Shot by Michael McLeod.
13:31 of 3rd period - Shot Misses the Net.
13:33 of 3rd period - Shot by Frederick Gaudreau.
13:33 of 3rd period - Shot Misses the Net.
14:00 of 3rd period - Off-side.
14:01 of 3rd period - Roope Hintz wins face-off versus Nick Bonino in neutral zone.
14:03 of 3rd period - Off-side.
14:04 of 3rd period - Nick Bonino wins face-off versus Aleksander Barkov in neutral zone.
14:10 of 3rd period - Icing by Aleksander Barkov.
14:11 of 3rd period - Aleksander Barkov wins face-off versus Nick Bonino in Panthers zone.
14:17 of 3rd period - Icing by Quinn Hughes.
14:18 of 3rd period - Aleksander Barkov wins face-off versus Jack Quinn in Panthers zone.
14:39 of 3rd period - Icing by Charlie McAvoy.
14:40 of 3rd period - Casey Mittelstadt wins face-off versus Matthew Tkachuk in Panthers zone.
14:41 of 3rd period - Shot by Jesse Puljujarvi.
14:41 of 3rd period - Shot Misses the Net.
14:44 of 3rd period - Icing by Quinn Hughes.
14:45 of 3rd period - Aleksander Barkov wins face-off versus Casey Mittelstadt in Panthers zone.
14:50 of 3rd period - Shot by Mario Ferraro.
14:50 of 3rd period - Stopped by Alexandar Georgiev with a rebound.
14:53 of 3rd period - Icing by Quinn Hughes.
14:54 of 3rd period - Aleksander Barkov wins face-off versus Casey Mittelstadt in Panthers zone.
15:14 of 3rd period - Charlie McAvoy is hit by Casey Mittelstadt and loses puck.
15:25 of 3rd period - Shot by Aleksander Barkov.
15:25 of 3rd period - Shot Blocked by Mario Ferraro.
15:27 of 3rd period - Shot by Matthew Tkachuk.
15:27 of 3rd period - Stopped by Darcy Kuemper without a rebound.
15:28 of 3rd period - Nick Bonino wins face-off versus Roope Hintz in Rangers zone.
15:39 of 3rd period - Shot by Roope Hintz.
15:39 of 3rd period - Shot Blocked by Artem Zub.
15:44 of 3rd period - Icing by Artem Zub.
15:45 of 3rd period - Emil Bemstrom wins face-off versus Nick Bonino in Rangers zone.
15:45 of 3rd period - Emil Bemstrom is hit by Luke Schenn.
16:08 of 3rd period - Jamie Benn is hit by Luke Schenn and loses puck.
16:16 of 3rd period - Icing by Artem Zub.
16:17 of 3rd period - Nick Bonino wins face-off versus Roope Hintz in Rangers zone.
16:22 of 3rd period - Owen Power is hit by Eric Robinson and loses puck.
16:55 of 3rd period - Shot by Jesse Puljujarvi.
16:55 of 3rd period - Shot Blocked by Brady Tkachuk.
17:14 of 3rd period - Quinn Hughes is hit by Jesse Puljujarvi and loses puck.
17:44 of 3rd period - Shot by Andrei Svechnikov.
17:44 of 3rd period - Stopped by Darcy Kuemper without a rebound.
17:45 of 3rd period - Mikael Backlund wins face-off versus Luke Kunin in Rangers zone.
18:15 of 3rd period - Emil Bemstrom is hit by Caleb Jones.
18:19 of 3rd period - Shot by Emil Bemstrom.
18:19 of 3rd period - Stopped by Darcy Kuemper without a rebound.
18:20 of 3rd period - Nick Bonino wins face-off versus Roope Hintz in Rangers zone.
18:30 of 3rd period - Icing by Jake Sanderson.
18:31 of 3rd period - Roope Hintz wins face-off versus Juuso Parssinen in Panthers zone.
18:40 of 3rd period - Shot by Owen Power.
18:40 of 3rd period - Deflect By Jack Hughes.
18:40 of 3rd period - Stopped by Darcy Kuemper with a rebound.
19:09 of 3rd period - Shot by Ryan Lomberg.
19:09 of 3rd period - Shot Misses the Net.
19:20 of 3rd period - Icing by Jake Sanderson.
19:21 of 3rd period - Roope Hintz wins face-off versus Casey Mittelstadt in Panthers zone.
Goals for this period are 0 for Panthers vs 0 for Rangers.
Shots for this period are 7 for Panthers vs 9 for Rangers.

Overtime #1


0:01 of 1st overtime period - Casey Mittelstadt wins face-off versus Aleksander Barkov in neutral zone.
0:04 of 1st overtime period - Shot by Casey Mittelstadt.
0:04 of 1st overtime period - Shot Misses the Net.
0:06 of 1st overtime period - Shot by Martin Fehervary.
0:06 of 1st overtime period - Stopped by Alexandar Georgiev without a rebound.
0:07 of 1st overtime period - Aleksander Barkov wins face-off versus Casey Mittelstadt in Panthers zone.
0:18 of 1st overtime period - Shot by Matthew Tkachuk.
0:18 of 1st overtime period - Shot Misses the Net.
0:24 of 1st overtime period - Shot by Casey Mittelstadt.
0:24 of 1st overtime period - Stopped by Alexandar Georgiev without a rebound.
0:25 of 1st overtime period - Aleksander Barkov wins face-off versus Casey Mittelstadt in Panthers zone.
0:55 of 1st overtime period - Shot by Aleksander Barkov.
0:55 of 1st overtime period - Shot Blocked by Martin Fehervary.
1:38 of 1st overtime period - Shot by Nick Bonino.
1:38 of 1st overtime period - Stopped by Alexandar Georgiev without a rebound.
1:39 of 1st overtime period - Nick Bonino wins face-off versus Roope Hintz in Panthers zone.
1:56 of 1st overtime period - Shot by Andrei Svechnikov.
1:56 of 1st overtime period - Shot Misses the Net.
3:19 of 1st overtime period - Shot by Jack Hughes.
3:19 of 1st overtime period - Stopped by Darcy Kuemper without a rebound.
3:20 of 1st overtime period - Casey Mittelstadt wins face-off versus Roope Hintz in Rangers zone.
3:47 of 1st overtime period - Shot by Casey Mittelstadt.
3:47 of 1st overtime period - Shot Blocked by Charlie McAvoy.
3:55 of 1st overtime period - Shot by Martin Fehervary.
3:55 of 1st overtime period - Stopped by Alexandar Georgiev without a rebound.
3:56 of 1st overtime period - Aleksander Barkov wins face-off versus Nick Bonino in Panthers zone.
3:56 of 1st overtime period - Aleksander Barkov is hit by Nick Bonino.
4:40 of 1st overtime period - Shot by Eric Robinson.
4:40 of 1st overtime period - Stopped by Alexandar Georgiev without a rebound.
4:41 of 1st overtime period - Casey Mittelstadt wins face-off versus Roope Hintz in Panthers zone.
Goals for this period are 0 for Panthers vs 0 for Rangers.
Shots for this period are 1 for Panthers vs 5 for Rangers.

ShootOut


5:00 of 1st overtime period - Round #1.
5:00 of 1st overtime period - Panthers, Aleksander Barkov.
5:00 of 1st overtime period - Shot Misses the Net.
5:00 of 1st overtime period - Rangers, Kent Johnson.
5:00 of 1st overtime period - Goal by Kent Johnson.
5:00 of 1st overtime period - Round #2.
5:00 of 1st overtime period - Panthers, Andrei Svechnikov.
5:00 of 1st overtime period - Goal by Andrei Svechnikov.
5:00 of 1st overtime period - Rangers, Anthony Beauvillier.
5:00 of 1st overtime period - Shot Misses the Net.
5:00 of 1st overtime period - Round #3.
5:00 of 1st overtime period - Panthers, Jack Hughes.
5:00 of 1st overtime period - Shot Misses the Net.
5:00 of 1st overtime period - Rangers, Casey Mittelstadt.
5:00 of 1st overtime period - Stopped by Alexandar Georgiev.
5:00 of 1st overtime period - Round #4.
5:00 of 1st overtime period - Panthers, Matthew Tkachuk.
5:00 of 1st overtime period - Goal by Matthew Tkachuk.
5:00 of 1st overtime period - Rangers, Juuso Parssinen.
5:00 of 1st overtime period - Shot Misses the Net.